 Dungeon Crawl Stone Soup version 0.25.0-9-g26727b6 (webtiles) character file.

Game seed: 8651744745569609560

84 poiuyt0418 the Stinger (level 4, -1/33 HPs)
             Began as a Minotaur Venom Mage on June 16, 2020.
             Slain by a gnoll
             ... wielding a +0 halberd
              (9 damage)
             ... on level 3 of the Dungeon.
             The game lasted 00:02:53 (2575 turns).

poiuyt0418 the Stinger (Minotaur Venom Mage)        Turns: 2575, Time: 00:02:53

Health: -1/33      AC:  2    Str: 13    XL:     4   Next: 24%
Magic:  5/5        EV: 12    Int: 13    God:
Gold:   93         SH:  0    Dex: 10    Spells: 3/6 levels left

rFire    . . .     SeeInvis .   f - +0 hand axe
rCold    . . .     Gourm    .   (no shield)
rNeg     . . .     Faith    .   a - +0 robe
rPois    .         Spirit   .   (helmet restricted)
rElec    .         Reflect  .   (no cloak)
rCorr    .         Harm     .   (no gloves)
MR       .....                  (no boots)
Stlth    ++........             (no amulet)
HPRegen  0.11/turn              m - ring of flight
MPRegen  0.09/turn              (no ring)

@: no status effects
A: retaliatory headbutt, horns 2
a: Evoke Flight


You were on level 3 of the Dungeon.
You were hungry.

You visited 1 branch of the dungeon, and saw 3 of its levels.

You collected 93 gold pieces.

Inventory:

Hand Weapons
 f - a +0 hand axe (weapon)
Missiles
 g - 15 poisoned darts (quivered)
Armour
 a - a +0 robe (worn)
Jewellery
 m - a ring of flight (left hand)
Scrolls
 b - 4 scrolls of identify {unknown}
 e - a scroll of enchant armour {unknown}
 h - a scroll of remove curse {unknown}
 i - 2 scrolls of amnesia {unknown}
 k - 2 scrolls of fog {unknown}
 l - a scroll of noise {unknown}
Potions
 d - 2 potions of lignification
 j - a potion of might
 n - a potion of stabbing {unknown}
 o - a potion of invisibility {unknown}
Comestibles
 c - 5 rations


   Skills:
 + Level 2.6 Axes
 - Level 2.1 Dodging
 - Level 1.5 Stealth
 * Level 1.7 Spellcasting
 - Level 0.7 Transmutations
 * Level 3.1 Poison Magic


You had 3 spell levels left.
You knew the following spells:

 Your Spells              Type           Power        Failure   Level  Hunger
a - Sting                 Tmut/Pois      #...         12%         1    ##.....
b - Poisonous Vapours     Pois/Air       #.....       21%         2    ###....

Your spell library contained the following spells:

 Spells                   Type           Power        Failure   Level  Hunger
 Ignite Poison            Fire/Tmut/Pois #.......     43%         3    ####...
 Mephitic Cloud           Conj/Pois/Air  #.......     45%         3    ####...
 Olgreb's Toxic Radiance  Pois           #.......     58%         4    #####..


Dungeon Overview and Level Annotations

Branches:
Dungeon (3/15)

Altars:
Cheibriados


Innate Abilities, Weirdness & Mutations

You reflexively headbutt those who attack you in melee.
You have a pair of horns on your head.


Message History

Found a stone staircase leading up.
A frilled lizard is nearby!
Found a stone staircase leading down. 4 gnolls come into view.
The frilled lizard hisses angrily.
The gnoll shouts! x3
You miss the frilled lizard.
The gnoll hits you from afar with a +0 halberd!
The frilled lizard completely misses you.
You furiously retaliate!
You headbutt the frilled lizard.
You kill the frilled lizard!
Unknown command.
The gnoll closely misses you.
You are feeling hungry.
The gnoll barely misses you.
The gnoll hits you from afar with a +0 spear!
There is a stone staircase leading up here.
The gnoll hits you from afar with a +0 spear!
* * * LOW HITPOINT WARNING * * *
The gnoll hits you from afar with a +0 halberd!
You die...

#......#
#......#
#....>.# #.
##g#....##...
...........#
#.#gg.......
#.#†#...##..
#.@.g......#
###.#...#..#
#.##.....#
###...♣.♣..#
# #....♣♣♣♣
.. #.#..♣♣♣ .
#.#.♣♣
#.#.♣♣♣
#.....♣


You could see 4 gnolls.

Vanquished Creatures
  2 adders (D:2)
  An adder skeleton (D:2)
  3 worms (D:2)
  5 dart slugs
  A leopard gecko (D:2)
  4 bats
  2 giant cockroaches
  5 goblins
  4 hobgoblins
  2 jackals (D:2)
  6 kobolds
  A ball python skeleton (D:2)
  7 frilled lizards
  5 rats
48 creatures vanquished.

Notes
Turn   | Place    | Note
-------+----------+-------------------------------------------
     0 | D:1      | poiuyt0418 the Minotaur Venom Mage began the quest for the
                  | Orb.
     0 | D:1      | Reached XP level 1. HP: 14/14 MP: 1/1
     6 | D:1      | Noticed a swamp worm
     6 | D:1      | Noticed a wyvern
     7 | D:1      | Noticed a black mamba
     7 | D:1      | Noticed a polar bear
   814 | D:1      | Reached XP level 2. HP: 20/20 MP: 3/3
  1108 | D:2      | Reached skill level 1 in Axes
  1194 | D:2      | Learned a level 2 spell: Poisonous Vapours
  1456 | D:2      | Reached XP level 3. HP: 26/26 MP: 4/4
  1860 | D:2      | Found a snail-covered altar of Cheibriados.
  2027 | D:2      | Reached skill level 3 in Poison Magic
  2162 | D:2      | Reached XP level 4. HP: 33/33 MP: 5/5
  2575 | D:3      | Slain by a gnoll

Illustrated notes

Levels and vault maps discovered:
D:1:      onia_arrival_zoo_common, layout_loops_ring
D:2:      layout_rooms, cheibriados_altar_1, serial_undead, serial_undead_f,
          serial_undead_d, serial_undead_d, serial_undead_b,
          hangedman_decor_growths
D:3:      layout_loops_ring, grunt_temple_overflow_open,
          chequers_ecumenical_altar_grove, first_ration,
          minmay_misc_feat_diagonals

Skill      XL: |  1  2  3 |
---------------+----------+-----
Axes           | 1 2 |  2.6
Poison Magic   | 3 |  3.1
Dodging        | |  2.1
Stealth        | |  1.5
Spellcasting   | |  1.7
Transmutations | |  0.7

Action                   |  1- 3 |  4- 6 || total
-------------------------+-------+-------++-------
Melee: Hand axe          |    89 |    38 ||   127
       Headbutt          |    11 |     3 ||    14
 Cast: Sting             |     2 |       ||     2
       Poisonous Vapours |     2 |       ||     2
  Use: Potion            |     2 |       ||     2
 Stab: Sleeping          |     1 |     3 ||     4
       Distracted        |       |     1 ||     1
  Eat: Chunk             |     4 |     1 ||     5
Armor: Robe              |    17 |     7 ||    24
       Skin              |    19 |       ||    19
Dodge: Dodged            |    75 |    26 ||   101
